TOP OF THE 1ST |
Tuscaloosa Trout Slayers batting - Pitching for Detroit X-Wings : LHP Arturo Sánchez
|
Pitching: LHP Arturo Sánchez
|
|
Batting: RHB Lawrence Yates
|
0-0: Ball 1-0: Ball 2-0: Foul Ball, location: 2F 2-1: Called Strike 2-2: Ball 3-2: Foul Ball, location: 2F 3-2: Foul Ball, location: 2F 3-2: Strikes out swinging
|
Batting: RHB Pedro Rodríguez
|
0-0: Ball 1-0: SINGLE (Groundball, 56D)
|
Batting: RHB Tetsunori Ito
|
0-0: Fly out, F9 (Flyball, 9M)
|
Batting: LHB Albert Morgan
|
0-0: Foul Ball, location: 2F 0-1: Swinging Strike 0-2: Ball 1-2: Ball 2-2: Ball 3-2: Foul Ball, location: 2F 3-2: Strikes out swinging
|
Top of the 1st over - 0 run(s), 1 hit(s), 0 error(s), 1 left on base; Tuscaloosa 0 - Detroit 0 |
BOTTOM OF THE 1ST |
Detroit X-Wings batting - Pitching for Tuscaloosa Trout Slayers : RHP Matt McGinnity
|
Pitching: RHP Matt McGinnity
|
|
Batting: RHB Yoshitsune Kamida
|
0-0: Ball 1-0: Ball 2-0: Ground out 6-3 (Groundball, 6)
|
Batting: SHB Felipe Detorres
|
0-0: SINGLE (Line Drive, 4MD)
|
Batting: RHB Chet Decker
|
0-0: Ball Felipe Detorres steals 2nd base 1-0: Ball 2-0: SINGLE (Groundball, 34S) Felipe Detorres to third
|
Batting: LHB Juan Jose Pineda
|
0-0: Called Strike 0-1: Called Strike 0-2: Ball 1-2: Foul Ball, location: 2F 1-2: Strikes out swinging
|
Batting: SHB Jaime Montés
|
0-0: Called Strike 0-1: Ball 1-1: Called Strike 1-2: Ball 2-2: Strikes out looking
|
Bottom of the 1st over - 0 run(s), 2 hit(s), 0 error(s), 2 left on base; Tuscaloosa 0 - Detroit 0 |
TOP OF THE 2ND |
Tuscaloosa Trout Slayers batting - Pitching for Detroit X-Wings : LHP Arturo Sánchez
|
Batting: LHB Ed Hart
|
0-0: Swinging Strike 0-1: Ball 1-1: SINGLE (Groundball, 3D)
|
Batting: RHB Dave Hall
|
0-0: Swinging Strike 0-1: SINGLE (Line Drive, 34D) Ed Hart to second Runner from 2nd tries for 3rd, SAFE, throw made to third Dave Hall to second
|
Batting: LHB Marcos Villarreal
|
0-0: Called Strike 0-1: Ball 1-1: Ball 2-1: Fly out, F8 (Flyball, 8LS)
|
Batting: RHB Ben Morton
|
0-0: Called Strike 0-1: Foul Ball, location: 2F 0-2: Fly out, F4 (Line Drive, 4)
|
Batting: RHB Jason Saunders
|
0-0: Foul Ball, location: 2F 0-1: Called Strike 0-2: Strikes out swinging
|
Top of the 2nd over - 0 run(s), 2 hit(s), 0 error(s), 2 left on base; Tuscaloosa 0 - Detroit 0 |
BOTTOM OF THE 2ND |
Detroit X-Wings batting - Pitching for Tuscaloosa Trout Slayers : RHP Matt McGinnity
|
Batting: RHB Domingo Ávila
|
0-0: SINGLE (Groundball, 6MD)
|
Batting: RHB Ernesto Acosta
|
0-0: Called Strike 0-1: Swinging Strike 0-2: Strikes out looking
|
Batting: LHB Jeremy Cox
|
0-0: Ball 1-0: Swinging Strike 1-1: Ball 2-1: Fly out, F8 (Flyball, 8RM)
|
Batting: LHB Luis Padilla
|
0-0: Ball 1-0: Fly out, F6 (Popup, 7S)
|
Bottom of the 2nd over - 0 run(s), 1 hit(s), 0 error(s), 1 left on base; Tuscaloosa 0 - Detroit 0 |
TOP OF THE 3RD |
Tuscaloosa Trout Slayers batting - Pitching for Detroit X-Wings : LHP Arturo Sánchez
|
Batting: RHB Lawrence Yates
|
0-0: Swinging Strike 0-1: Foul Ball, location: 2F 0-2: Foul Ball, location: 2F 0-2: Ground out 5-3 (Groundball, 5)
|
Batting: RHB Pedro Rodríguez
|
0-0: SINGLE (Flyball, 8RS)
|
Batting: RHB Tetsunori Ito
|
0-0: 2-RUN HOME RUN (Flyball, 7D), Distance : 382 ft
|
Batting: LHB Albert Morgan
|
0-0: Reached on error, E4 (Groundball, 34)
|
Batting: LHB Ed Hart
|
0-0: Ball 1-0: Called Strike 1-1: Ball 2-1: Swinging Strike 2-2: Foul Ball, location: 2F 2-2: SINGLE (Groundball, 34D) Albert Morgan to third Runner from 3rd tries for Home, SAFE, no throw or cutoff
|
Batting: RHB Dave Hall
|
0-0: Called Strike 0-1: Foul Ball, location: 2F 0-2: Ball 1-2: Ball 2-2: Ball 3-2: Fly out, F8 (Flyball, 89M)
|
Batting: LHB Marcos Villarreal
|
0-0: Fly out, F8 (Flyball, 8LM)
|
Top of the 3rd over - 3 run(s), 3 hit(s), 1 error(s), 1 left on base; Tuscaloosa 3 - Detroit 0 |
BOTTOM OF THE 3RD |
Detroit X-Wings batting - Pitching for Tuscaloosa Trout Slayers : RHP Matt McGinnity
|
Batting: RHB Yoshitsune Kamida
|
0-0: Called Strike 0-1: Ball 1-1: Foul Ball, location: 2F 1-2: Strikes out looking
|
Batting: SHB Felipe Detorres
|
0-0: Ball 1-0: Foul Ball, location: 2F 1-1: Foul Ball, location: 2F 1-2: Foul Ball, location: 2F 1-2: Foul Ball, location: 2F 1-2: Fly out, F4 (Popup, 3DF)
|
Batting: RHB Chet Decker
|
0-0: SINGLE (Groundball, 6MD)
|
Batting: LHB Juan Jose Pineda
|
0-0: Foul Ball, location: 2F 0-1: Ball 1-1: Fly out, F8 (Flyball, 8LM)
|
Bottom of the 3rd over - 0 run(s), 1 hit(s), 0 error(s), 1 left on base; Tuscaloosa 3 - Detroit 0 |
TOP OF THE 4TH |
Tuscaloosa Trout Slayers batting - Pitching for Detroit X-Wings : LHP Arturo Sánchez
|
Now at SS: Chris Byrd
|
|
Batting: RHB Ben Morton
|
0-0: Called Strike 0-1: Foul Ball, location: 2F 0-2: Ball 1-2: Ball 2-2: DOUBLE (Line Drive, 5L)
|
Batting: RHB Jason Saunders
|
0-0: Fly out, F4 (Line Drive, 4M)
|
Batting: RHB Lawrence Yates
|
0-0: Fly out, F5 (Popup, 56S)
|
Batting: RHB Pedro Rodríguez
|
0-0: Swinging Strike 0-1: Ball 1-1: Ball 2-1: Foul Ball, location: 2F 2-2: Ball 3-2: Base on Balls
|
Batting: RHB Tetsunori Ito
|
0-0: Called Strike 0-1: Foul Ball, location: 2F 0-2: SINGLE (Flyball, 89S) Ben Morton to third Pedro Rodríguez to second Runner from 3rd tries for Home, SAFE, no throw or cutoff
|
Batting: LHB Albert Morgan
|
0-0: Ball 1-0: Ball 2-0: Ball 3-0: Called Strike 3-1: SINGLE (Groundball, 6MD) Pedro Rodríguez to third Tetsunori Ito to second Runner from 3rd tries for Home, SAFE, throw made home Tetsunori Ito to third Albert Morgan to second
|
Batting: LHB Ed Hart
|
0-0: Swinging Strike 0-1: Ball 1-1: Swinging Strike 1-2: Ground out 5-3 (Groundball, 5L)
|
Top of the 4th over - 2 run(s), 3 hit(s), 0 error(s), 2 left on base; Tuscaloosa 5 - Detroit 0 |
BOTTOM OF THE 4TH |
Detroit X-Wings batting - Pitching for Tuscaloosa Trout Slayers : RHP Matt McGinnity
|
Batting: SHB Jaime Montés
|
0-0: Ball 1-0: Called Strike 1-1: Ball 2-1: Foul Ball, location: 2F 2-2: Foul Ball, location: 2F 2-2: Strikes out looking
|
Batting: RHB Domingo Ávila
|
0-0: Called Strike 0-1: Ball 1-1: Swinging Strike 1-2: Ball 2-2: Fly out, F8 (Flyball, 8RXD)
|
Batting: RHB Ernesto Acosta
|
0-0: Ball 1-0: Ball 2-0: Called Strike 2-1: SOLO HOME RUN (Flyball, 7D), Distance : 369 ft
|
Batting: LHB Jeremy Cox
|
0-0: Ball 1-0: Called Strike 1-1: Foul Ball, location: 2F 1-2: SINGLE (Line Drive, 6M)
|
Batting: LHB Luis Padilla
|
Balk! Jeremy Cox to second 0-0: Ball 1-0: SINGLE (Line Drive, 8RS) Jeremy Cox to third
|
Batting: SHB Chris Byrd
|
0-0: Foul Ball, location: 2F 0-1: Ball 1-1: Swinging Strike 1-2: Strikes out looking
|
Bottom of the 4th over - 1 run(s), 3 hit(s), 0 error(s), 2 left on base; Tuscaloosa 5 - Detroit 1 |
TOP OF THE 5TH |
Tuscaloosa Trout Slayers batting - Pitching for Detroit X-Wings : LHP Arturo Sánchez
|
Batting: RHB Dave Hall
|
0-0: Ball 1-0: Fly out, F8 (Flyball, 8LM)
|
Batting: LHB Marcos Villarreal
|
0-0: Ball 1-0: Foul Ball, location: 2F 1-1: Ground out 4-3 (Groundball, 4)
|
Batting: RHB Ben Morton
|
0-0: Ball 1-0: Called Strike 1-1: Foul Ball, location: 2F 1-2: Foul Ball, location: 2F 1-2: Foul Ball, location: 2F 1-2: Ball 2-2: Ball 3-2: Strikes out looking
|
Top of the 5th over - 0 run(s), 0 hit(s), 0 error(s), 0 left on base; Tuscaloosa 5 - Detroit 1 |
BOTTOM OF THE 5TH |
Detroit X-Wings batting - Pitching for Tuscaloosa Trout Slayers : RHP Matt McGinnity
|
Batting: SHB Felipe Detorres
|
0-0: Ball 1-0: Called Strike 1-1: Foul Ball, location: 2F 1-2: Strikes out looking
|
Batting: RHB Chet Decker
|
0-0: Foul Ball, location: 2F 0-1: Swinging Strike 0-2: Ball 1-2: Strikes out swinging
|
Batting: LHB Juan Jose Pineda
|
0-0: Called Strike 0-1: Foul Ball, location: 2F 0-2: Ball 1-2: Foul Ball, location: 2F 1-2: Ball 2-2: Strikes out swinging
|
Bottom of the 5th over - 0 run(s), 0 hit(s), 0 error(s), 0 left on base; Tuscaloosa 5 - Detroit 1 |
TOP OF THE 6TH |
Tuscaloosa Trout Slayers batting - Pitching for Detroit X-Wings : LHP Arturo Sánchez
|
Pitching: RHP Carlos Díaz
|
|
Batting: RHB Jason Saunders
|
0-0: Foul Ball, location: 2F 0-1: Ball 1-1: Called Strike 1-2: Ball 2-2: Strikes out swinging
|
Batting: RHB Lawrence Yates
|
0-0: Swinging Strike 0-1: Foul Ball, location: 2F 0-2: Foul Ball, location: 2F 0-2: Ball 1-2: Ground out 5-3 (Groundball, 5S)
|
Batting: RHB Pedro Rodríguez
|
0-0: Ball 1-0: Called Strike 1-1: Swinging Strike 1-2: Ball 2-2: Strikes out swinging
|
Top of the 6th over - 0 run(s), 0 hit(s), 0 error(s), 0 left on base; Tuscaloosa 5 - Detroit 1 |
BOTTOM OF THE 6TH |
Detroit X-Wings batting - Pitching for Tuscaloosa Trout Slayers : RHP Matt McGinnity
|
Batting: SHB Jaime Montés
|
0-0: Ball 1-0: Ball 2-0: Foul Ball, location: 2F 2-1: Fly out, F8 (Flyball, 78M)
|
Batting: RHB Domingo Ávila
|
0-0: Ball 1-0: Called Strike 1-1: Swinging Strike 1-2: Foul Ball, location: 2F 1-2: Foul Ball, location: 2F 1-2: Ground out 1-3 (Groundball, 15S)
|
Batting: RHB Ernesto Acosta
|
0-0: Ball 1-0: Called Strike 1-1: SINGLE (Line Drive, 4MD)
|
Pitching: RHP Alfonso Martínez
|
|
Batting: LHB Jeremy Cox
|
0-0: Called Strike 0-1: Foul Ball, location: 2F 0-2: Ball 1-2: Ball 2-2: Ball 3-2: Ground out 1-3 (Groundball, 15)
|
Bottom of the 6th over - 0 run(s), 1 hit(s), 0 error(s), 1 left on base; Tuscaloosa 5 - Detroit 1 |
TOP OF THE 7TH |
Tuscaloosa Trout Slayers batting - Pitching for Detroit X-Wings : RHP Carlos Díaz
|
Batting: RHB Tetsunori Ito
|
0-0: Called Strike 0-1: Ball 1-1: Ground out 5-3 (Groundball, 5S)
|
Pitching: RHP Gabriel Ruíz
|
|
Batting: LHB Albert Morgan
|
0-0: Ball 1-0: Ball 2-0: Called Strike 2-1: Foul Ball, location: 2F 2-2: Ball 3-2: Foul Ball, location: 2F 3-2: Foul Ball, location: 2F 3-2: Strikes out swinging
|
Batting: LHB Ed Hart
|
0-0: Ball 1-0: Ball 2-0: Ball 3-0: Called Strike 3-1: Base on Balls
|
Batting: RHB Dave Hall
|
0-0: Ball 1-0: Called Strike 1-1: Ball 2-1: Ground out U3 (Groundball, 3S)
|
Top of the 7th over - 0 run(s), 0 hit(s), 0 error(s), 1 left on base; Tuscaloosa 5 - Detroit 1 |
BOTTOM OF THE 7TH |
Detroit X-Wings batting - Pitching for Tuscaloosa Trout Slayers : RHP Alfonso Martínez
|
Batting: LHB Luis Padilla
|
0-0: Called Strike 0-1: Ball 1-1: Swinging Strike 1-2: Foul Ball, location: 2F 1-2: Ball 2-2: Foul Ball, location: 2F 2-2: Ball 3-2: Base on Balls
|
Batting: SHB Chris Byrd
|
0-0: Called Strike 0-1: Ball 1-1: Called Strike 1-2: Ball 2-2: Ball 3-2: Foul Ball, location: 2F 3-2: Base on Balls Luis Padilla to second
|
Batting: SHB Felipe Detorres
|
0-0: Swinging Strike 0-1: Ball 1-1: Foul Ball, location: 2F 1-2: Strikes out swinging
|
Batting: RHB Chet Decker
|
0-0: Ball 1-0: Fly out, F3 (Popup, 23F)
|
Batting: LHB Juan Jose Pineda
|
0-0: Ball 1-0: Called Strike 1-1: Called Strike 1-2: SINGLE (Line Drive, 4MD) Luis Padilla to third Chris Byrd to second
|
Batting: SHB Jaime Montés
|
0-0: Ball 1-0: Called Strike 1-1: Ball 2-1: Foul Ball, location: 2F 2-2: Foul Ball, location: 2F 2-2: Ball 3-2: Base on Balls Luis Padilla scores Chris Byrd to third Juan Jose Pineda to second
|
Pitching: RHP Rafael Ramírez
|
|
Batting: RHB Domingo Ávila
|
0-0: Foul Ball, location: 2F 0-1: Ball 1-1: Ball 2-1: Ball 3-1: Foul Ball, location: 2F 3-2: Fly out, F4 (Popup, 4MD)
|
Bottom of the 7th over - 1 run(s), 1 hit(s), 0 error(s), 3 left on base; Tuscaloosa 5 - Detroit 2 |
TOP OF THE 8TH |
Tuscaloosa Trout Slayers batting - Pitching for Detroit X-Wings : RHP Gabriel Ruíz
|
Batting: LHB Marcos Villarreal
|
0-0: Called Strike 0-1: Ball 1-1: Ball 2-1: Swinging Strike 2-2: Strikes out swinging
|
Batting: RHB Ben Morton
|
0-0: Ball 1-0: Called Strike 1-1: Ball 2-1: Foul Ball, location: 2F 2-2: Foul Ball, location: 2F 2-2: Ground out 6-3 (Groundball, 6)
|
Batting: RHB Jason Saunders
|
0-0: Ball 1-0: Ball 2-0: Fly out, F8 (Flyball, 8RM)
|
Top of the 8th over - 0 run(s), 0 hit(s), 0 error(s), 0 left on base; Tuscaloosa 5 - Detroit 2 |
BOTTOM OF THE 8TH |
Detroit X-Wings batting - Pitching for Tuscaloosa Trout Slayers : RHP Rafael Ramírez
|
Batting: RHB Ernesto Acosta
|
0-0: Ball 1-0: SOLO HOME RUN (Flyball, 89D), Distance : 391 ft
|
Batting: LHB Jeremy Cox
|
0-0: Called Strike 0-1: Called Strike 0-2: Ball 1-2: Strikes out swinging
|
Batting: LHB Luis Padilla
|
0-0: SINGLE (Groundball, 6M)
|
Pitching: RHP John Charles
|
|
Batting: SHB Chris Byrd
|
0-0: Swinging Strike 0-1: Swinging Strike 0-2: Strikes out swinging
|
Batting: SHB Felipe Detorres
|
0-0: Called Strike 0-1: Foul Ball, location: 2F 0-2: Strikes out swinging
|
Bottom of the 8th over - 1 run(s), 2 hit(s), 0 error(s), 1 left on base; Tuscaloosa 5 - Detroit 3 |
TOP OF THE 9TH |
Tuscaloosa Trout Slayers batting - Pitching for Detroit X-Wings : RHP Gabriel Ruíz
|
Batting: RHB Lawrence Yates
|
0-0: Called Strike 0-1: Ball 1-1: Ball 2-1: Ball 3-1: Base on Balls
|
Batting: RHB Pedro Rodríguez
|
0-0: Reached on error, E1 (Groundball, 13S) Lawrence Yates to second
|
Pinch Hitting: RHB Ryan McBride
|
0-0: Ball 1-0: Called Strike 1-1: Grounds into double play, 4-6-3 (Groundball, 4) Lawrence Yates to third
|
Batting: LHB Albert Morgan
|
0-0: Ball 1-0: Ball 2-0: Ball 3-0: Called Strike 3-1: Base on Balls
|
Batting: LHB Ed Hart
|
0-0: Foul Ball, location: 2F 0-1: Fly out, F6 (Popup, 6)
|
Top of the 9th over - 0 run(s), 0 hit(s), 1 error(s), 2 left on base; Tuscaloosa 5 - Detroit 3 |
BOTTOM OF THE 9TH |
Detroit X-Wings batting - Pitching for Tuscaloosa Trout Slayers : RHP John Charles
|
Pitching: LHP Luis López
|
|
Now at 2B: Wilford Lush
|
|
Now in RF: Lowie van den Bogaert
|
|
Batting: RHB Chet Decker
|
0-0: Called Strike 0-1: Ball 1-1: Ground out 5-3 (Groundball, 56S)
|
Batting: LHB Juan Jose Pineda
|
0-0: Ball 1-0: Called Strike 1-1: Ball 2-1: Foul Ball, location: 2F 2-2: Ground out U3 (Groundball, 3S)
|
Batting: SHB Jaime Montés
|
0-0: Called Strike 0-1: Ball 1-1: Swinging Strike 1-2: Strikes out swinging
|
Bottom of the 9th over - 0 run(s), 0 hit(s), 0 error(s), 0 left on base; Tuscaloosa 5 - Detroit 3 |
|